Cogmind - Beta 16 @@@ ROGUE MODE // 2025.10.24 @ 16:49:30 Player: Moodge Result: Destroyed by G-47 Trooper with Particle Gun Performance ------------- Evolutions (2) 1000 Regions Visited (3) 600 Robots Destroyed (51) 255 Value Destroyed (1661) 1661 Prototype IDs (7) 140 Alien Tech Used (0) 0 Bonus (0) 0 TOTAL SCORE: 3656 Bonus ------- None Cogmind --------- Core Integrity 0/550 Matter 285/300 Energy 93/100 System Corruption 3% Temperature Cool (9) Movement Walking (120) Location -8/Materials Parts ------- > --- POWER (2) -------- (None) > --- PROPULSION (4) --- Carbon-fiber Leg > --- UTILITY (3) ------ (None) > --- WEAPON (2) ------- Katana Spear > --- INVENTORY (5) ---- Spear Peak State ------------ > --- POWER ------------ Light Deuterium Engine Nuclear Core > --- PROPULSION ------- Carbon-fiber Leg Carbon-fiber Leg Carbon-fiber Leg Titanium Leg > --- UTILITY ---------- Reaction Control System Heavy Armor Plating > --- WEAPON ----------- Spear Spear > --- INVENTORY -------- Carbon-fiber Leg Carbon-fiber Leg Carbon-fiber Leg Assault Cannon Katana [Rating: 36] Favorites ----------- Power Cooled Ion Engine Engine Cooled Ion Engine Power Core Light Nuclear Core Propulsion Carbon-fiber Leg Treads Light Treads Leg Carbon-fiber Leg Wheel Wheel Flight Unit Improved Flight Unit Utility Terrain Scan Processor Device Seismic Detector Storage Large Storage Unit Processor Terrain Scan Processor Protection Heavy Armor Plating Weapon Plasma Cutter Energy Gun Medium Laser Energy Cannon Light EM Pulse Cannon Ballistic Gun Assault Rifle Ballistic Cannon Assault Cannon Launcher Rocket Launcher Special Weapon Plasma Cutter Impact Weapon Great Maul Slashing Weapon Katana Piercing Weapon Spear Special Melee Weapon Improved Datajack Build | -11 -10 -9 -8 ------- Run | Yrd Mat Mat Mat Slots Evolved 4 | . . 2 2 Power 1 | . . 1 . Propulsion 2 | . . . 2 Utility 1 | . . 1 . Weapon . | . . . . Parts Attached 76 | 9 7 29 31 Power 12 | 2 1 4 5 Engine 10 | 2 . 4 4 Core 2 | . 1 . 1 Reactor . | . . . . Propulsion 20 | 4 2 5 9 Treads 1 | 1 . . . Leg 10 | 1 . . 9 Wheel 5 | 2 2 1 . Hover . | . . . . Flight 4 | . . 4 . Utility 15 | 1 3 4 7 Device 4 | . 1 1 2 Storage 3 | 1 2 . . Processor 4 | . . 2 2 Hackware . | . . . . Protection 4 | . . 1 3 Artifact . | . . . . Weapon 29 | 2 1 16 10 Energy Gun 8 | 2 . 6 . Energy Cannon 4 | . . 3 1 Ballistic Gun 5 | . 1 4 . Ballistic Cannon 2 | . . . 2 Launcher 3 | . . 1 2 Special Weapon 2 | . . 2 . Impact Weapon 1 | . . . 1 Slashing Weapon 1 | . . . 1 Piercing Weapon 2 | . . . 2 Special Melee Weapon 1 | . . . 1 Unidentified Prototypes 2 | . . 2 . Corrupted Parts 1 | . . . 1 System Corruption 1 | . . . 1 Parts Lost 18 | . . 2 16 Power 5 | . . . 5 Propulsion 6 | . . 1 5 Utility 3 | . . . 3 Weapon 4 | . . 1 3 Highest Loss Streak 7 | . . 2 7 To Critical Strikes . | . . . . Average Backups 5 | 4 12 4 3 Power . | . 1 . . Propulsion 2 | 2 5 1 1 Utility 1 | . 5 1 . Weapon 1 | 1 1 . 1 Tool/Special . | . . . . Unused Backups 29 | . 2 19 8 Power 1 | . . 1 . Propulsion 5 | . . 5 . Utility 13 | . 2 10 1 Weapon 9 | . . 2 7 Tool/Special 1 | . . 1 . Average Slot Usage (%) 84 | . 98 94 67 Engine 11 | . 12 16 5 Core 2 | . 1 3 1 Leg 9 | . . . 24 Wheel 6 | . 28 4 . Flight 7 | . . 16 2 Device 7 | . 7 10 3 Storage 4 | . 19 2 . Processor 10 | . . 18 8 Protection 3 | . . 1 5 Energy Gun 8 | . 27 6 2 Energy Cannon 2 | . . 5 . Special Weapon 2 | . . 6 . Impact Weapon 1 | . . . 4 Peak Build Rating 36 | 6 10 22 36 Average Rating 17 | 3 8 18 21 On Entrance 7 | . 6 10 14 Avg Prop Armor Cover (%) 8 | 17 6 . . Naked Turns . | . . . . Heaviest Build 38 | 11 31 38 34 Greatest Support 62 | 26 26 32 62 Greatest Overweight (x) 4 | 1 2 3 4 Average Overweight (x) . | . 1 1 . Largest Inventory Capacity 15 | 8 15 15 5 Average Capacity 7 | 7 14 6 5 Most Carried 15 | 8 15 15 5 Average Carried 5 | 5 12 4 3 Final Capacity 15 | 8 15 5 5 Final Carried 14 | 6 14 2 1 Class Distribution -------------------- 100% | Mutant Dominant Class ---------------- Mutant | -10/Materials Mutant | -9/Materials Mutant | -8/Materials Resources | -11 -10 -9 -8 ----------- Run | Yrd Mat Mat Mat Matter Collected 1287 | 244 124 468 451 Remotely . | . . . . Salvage Created 1713 | . 264 614 835 Parts 74 | . 13 32 29 Haulers Intercepted 2 | . . 2 . Recyclers Shooed . | . . . . Parts Field Recycled . | . . . . Retrieved Matter . | . . . . Parts Self-Destructed . | . . . . Prevented . | . . . . Parts Restored . | . . . . Kills | -11 -10 -9 -8 ------- Run | Yrd Mat Mat Mat Combat Hostiles Destroyed 40 | . 5 16 19 Melee 9 | . . . 9 Guns 8 | . 5 3 . Cannons 8 | . . 5 3 AOE 10 | . . 7 3 Classes Destroyed 8 | . 2 4 2 Worker 2 | . . 1 1 Builder 2 | . . . 2 Hauler 2 | . . 2 . Watcher 5 | . 2 . 3 Swarmer 5 | . . 3 2 Grunt 30 | . 5 9 16 Duelist 1 | . . . 1 Sentry 4 | . . 4 . Best Kill Streak 6 | . 2 6 4 Combat Bots Only 4 | . 2 4 3 Max Kills in Single Turn 2 | . 1 2 2 Gunslinging . | . . . . Exploded 2 | . . 2 1 Melee 1 | . . . 1 Uniques/NPCs Destroyed . | . . . . Combat | -11 -10 -9 -8 -------- Run | Yrd Mat Mat Mat Hostile Shots Fired 287 | . 18 76 193 Missed 74 | . 3 18 53 Hits 213 | . 15 58 140 Projectile 213 | . 15 58 140 Critical Strikes 7 | . . 3 4 Damage Taken 3366 | . 184 748 2434 Core 666 | . 10 99 557 Absorbed by Shields . | . . . . Regen/Repaired (Parts) 14 | . . 14 . Core Remaining (%) 90 | 100 96 75 . Volleys Fired 104 | . 25 42 37 Largest 2 | . 2 2 2 Hottest 121 | . 90 121 80 Shots Fired 164 | . 50 65 49 Gun 89 | . 50 21 18 Cannon 37 | . . 15 22 Launcher 17 | . . 8 9 Special 21 | . . 21 . Kinetic 13 | . . 1 12 Thermal 88 | . 50 28 10 Explosive 13 | . . 8 5 Electromagnetic 50 | . . 28 22 Robot Hit Streak 22 | . 13 9 22 Robot Miss Streak 4 | . 4 3 2 Penetration Max . | . . . . Secondary Targets . | . . . . Shots Hit Robots 147 | . 36 42 69 Core Hits 75 | . 14 32 29 Critical Kills . | . . . . Critical Parts Destroyed 3 | . . . 3 Critical Strikes 7 | . 1 1 5 Burn 1 | . 1 . . Blast 1 | . . . 1 Corrupt 1 | . . 1 . Smash 3 | . . . 3 Sever 1 | . . . 1 Melee Attacks 37 | . . . 37 Impact 18 | . . . 18 Slashing 16 | . . . 16 Piercing 3 | . . . 3 Sneak Attacks 2 | . . . 2 Combat Hostiles . | . . . . Follow-up Attacks . | . . . . Damage Inflicted 4201 | . 452 1176 2573 Guns 722 | . 439 175 108 Cannons 575 | . . 159 416 Explosions 1326 | . . 670 656 Melee 1393 | . . . 1393 Ramming 19 | . 13 6 . Kinetic 241 | . . . 241 Thermal 1053 | . 439 332 282 Explosive 955 | . . 571 384 Electromagnetic 540 | . . 267 273 Impact 883 | . . . 883 Slashing 481 | . . . 481 Piercing 29 | . . . 29 Highest Corruption 3 | . . 1 3 Average Corruption 1 | . . 1 2 Corruption Purged . | . . . . Corruption Blocked . | . . . . Effects 17 | . . 4 13 Message Errors 5 | . . . 5 Matter Fused 5 | . . . 5 Heat Flow Errors 2 | . . 2 . Energy Discharges 1 | . . 1 . Data Loss (minor) 4 | . . 1 3 Overload Shots . | . . . . Overflow Damage 266 | . . . 266 Projectiles . | . . . . Explosions 57 | . . . 57 Melee 209 | . . . 209 Knockbacks 11 | . . . 11 Impact 6 | . . . 6 Kinetic 5 | . . . 5 Secondary . | . . . . Self-Inflicted Damage 256 | . 6 29 221 Shots 9 | . . 1 8 Rammed 3 | . 2 1 . Targets Rammed 3 | . 2 1 . Kicked . | . . . . Crushed . | . . . . Highest Temperature 282 | . 251 282 168 Average Temperature 86 | . 88 104 39 Received Heat Transfer 1200 | . 99 354 747 Siege Activations . | . . . . Martial Activations . | . . . . Shielding Activations . | . . . . Robots Disrupted . | . . . . Combat Hostiles . | . . . . Robots Corrupted 4 | . . . 4 Combat Hostiles 4 | . . . 4 Parts Fried 6 | . . 2 4 Impact Corruptions 7 | . . . 7 Robots Melted 1 | . . 1 . Combat Hostiles 1 | . . 1 . Parts Melted 2 | . 1 1 . Heat Transferred 2238 | . 1239 640 359 Parts Sabotaged . | . . . . Parts Stolen . | . . . . Parts Stripped . | . . . . Power Chain Reactions 4 | . . 2 2 Alert | -11 -10 -9 -8 ------- Run | Yrd Mat Mat Mat Maximum Alert Level 1 | . . 1 . Low Security (%) 89 | 100 100 74 100 Level 1 10 | . . 25 . Level 2 . | . . . . Level 3 . | . . . . Level 4 . | . . . . Level 5 . | . . . . High Security . | . . . . Max Security . | . . . . Peak Influence 278 | . 50 278 139 Initial 46 | . . 7 46 Average 79 | . 10 129 62 Influence Increases 1313 | . 144 523 646 Destroy 0b10 Robot/C 800 | . 100 320 380 Destroy 0b10 Robot/NC 55 | . 10 15 30 Destroy Leader 184 | . 34 84 66 Successful Hack 38 | . . 13 25 Disable Machine 30 | . . . 30 Destroy Structure 116 | . . 61 55 Lose Combat Pursuer 90 | . . 30 60 Influence Decreases 1205 | . 126 429 650 Entered New Map 77 | . . 11 66 Time Decay 978 | . 126 398 454 Lost Part 150 | . . 20 130 Squads Dispatched 13 | . 2 4 7 Investigation 9 | . 1 3 5 Extermination . | . . . . Reinforcement 4 | . 1 1 2 Assault . | . . . . Garrison . | . . . . Intercept . | . . . . Searches Triggered . | . . . . Construction Impeded 1 | . . . 1 Haulers Reinforced . | . . . . Active Scanning Responses . | . . . . Cargo Convoy Interrupts . | . . . . Stealth | -11 -10 -9 -8 --------- Run | Yrd Mat Mat Mat Distress Signals 2 | . . 1 1 Communications Jammed . | . . . . Distress Signals . | . . . . Times Spotted 68 | . 12 20 36 Peak Tracking Total 9 | . 3 4 9 Tactical Retreats 4 | . . 1 3 Traps | -11 -10 -9 -8 ------- Run | Yrd Mat Mat Mat Traps Triggered 3 | . 1 1 1 Indirectly . | . . . . Trap Hack Attempts . | . . . . Triggered . | . . . . Disarmed . | . . . . Reprogrammed . | . . . . Reused . | . . . . Traps Extracted . | . . . . Installed . | . . . . Triggered . | . . . . Machines | -11 -10 -9 -8 ---------- Run | Yrd Mat Mat Mat Machines Disabled 2 | . . . 2 Max in Single Turn 1 | . . . 1 Machines Repaired . | . . . . Machines Dismantled . | . . . . Machines Sabotaged . | . . . . Overloaded Fab Kills . | . . . . Hacking | -11 -10 -9 -8 --------- Run | Yrd Mat Mat Mat Machines Accessed 13 | . 3 4 6 Terminals 8 | . 2 2 4 Fabricators . | . . . . Repair Stations 1 | . . 1 . Recycling Units 3 | . 1 1 1 Scanalyzers 1 | . . . 1 Garrison Access . | . . . . Total Hacks 66 | . 12 14 40 Successful 35 | . 5 8 22 Failed 30 | . 7 6 17 Catastrophic 4 | . 1 1 2 Database Lockouts 1 | . . . 1 Manual . | . . . . Terminals 35 | . 9 7 19 Fabricators . | . . . . Repair Stations 3 | . . 3 . Recycling Units 13 | . 3 4 6 Scanalyzers 15 | . . . 15 Garrison Access . | . . . . Terminal Hacks 14 | . 3 3 8 Record 5 | . 2 2 1 Prototype ID Bank 3 | . 1 . 2 Branch Access Points 1 | . . . 1 Alert Level 1 | . . . 1 Security Status 1 | . . . 1 Recall Investigation 2 | . . 1 1 Registered Components 1 | . . . 1 Fabricator Hacks . | . . . . Repair Station Hacks 2 | . . 2 . Scan Component 1 | . . 1 . Repair 1 | . . 1 . Recycling Unit Hacks 8 | . 2 3 3 Recycle Component 3 | . . 3 . Retrieve Matter 2 | . 1 . 1 Retrieve Components 3 | . 1 . 2 Scanalyzer 11 | . . . 11 Insert Component 5 | . . . 5 Analyze 3 | . . . 3 Retrieve Study 3 | . . . 3 Garrison Access Hacks . | . . . . Unauthorized Hacks . | . . . . Terminals . | . . . . Fabricators . | . . . . Repair Stations . | . . . . Recycling Units . | . . . . Scanalyzers . | . . . . Garrison Access . | . . . . Data Cores Recovered . | . . . . Used . | . . . . Hacking Detections 11 | . 2 3 6 Full Trace Events 9 | . 2 3 4 Feedback Events . | . . . . Feedback Blocked . | . . . . Robot Schematics Acquired . | . . . . Robots Built . | . . . . Authchips . | . . . . Time . | . . . . Total Robot Build Rating . | . . . . Part Schematics Acquired 3 | . . . 3 Parts Built . | . . . . Authchips . | . . . . Time . | . . . . Total Part Build Rating . | . . . . Part Studies Acquired 3 | . . . 3 Parts Repaired 1 | . . 1 . Time 38 | . . 38 . Parts Recycled 3 | . . 3 . Recycled Matter . | . . . . Retrieved Matter . | . . . . Retrieved Components 8 | . 7 . 1 Parts Scanalyzed 3 | . . . 3 Part Schematics Acquired 3 | . . . 3 Parts Damaged . | . . . . Bothacking | -11 -10 -9 -8 ------------ Run | Yrd Mat Mat Mat Used RIF Installer . | . . . . Robots Hacked . | . . . . Non-combat . | . . . . Combat . | . . . . Robot Hacks Applied . | . . . . Relay Couplers Released . | . . . . Fabnet Peak Effective % . | . . . . Robots Rewired . | . . . . Allies Hacked . | . . . . Hacks Repelled . | . . . . Allies | -11 -10 -9 -8 -------- Run | Yrd Mat Mat Mat Total Allies . | . . . . Largest Group . | . . . . Highest-Rated Group . | . . . . Highest-Rated Ally . | . . . . Total Orders . | . . . . Ally Attacks . | . . . . Total Damage . | . . . . Kills . | . . . . Allies Corrupted . | . . . . Allies Melted . | . . . . Intel | -11 -10 -9 -8 ------- Run | Yrd Mat Mat Mat Active Infowar (turns) 1162 | . 296 758 108 Structural 108 | . . . 108 Seismic 1054 | . 296 758 . Robot Analysis Total . | . . . . Derelict Logs Recovered . | . . . . Drone Launches . | . . . . Drone Recoveries . | . . . . Exploration | -11 -10 -9 -8 ------------- Run | Yrd Mat Mat Mat Turns Passed 3159 | 80 543 1303 1233 Spaces Moved 1344 | 60 245 477 562 Core 44 | 17 . . 27 Treads 13 | 13 . . . Legs 474 | 2 . . 472 Wheels 335 | 28 245 62 . Hover . | . . . . Flight 478 | . . 415 63 Fastest Speed 37 | 50 90 37 120 Average Speed 128 | 97 103 141 131 Slowest Speed 250 | 160 110 250 250 Overloaded Moves . | . . . . Propulsion Burnouts . | . . . . Robots Hopped . | . . . . Potential Cave-ins . | . . . . Cave-ins Triggered . | . . . . Exploration Rate (%) 27 | 4 34 36 37 Regions Visited 3 Branch Regions . Pre-discovered Areas . | . . . . Known Exits Taken . | . . . . Unknown Exits Taken 3 | 1 1 1 . Scrap Searched . | . . . . Spaces Dug . | . . . . Terrain Destroyed 137 | . . 75 62 Melee . | . . . . Projectile 4 | . . . 4 AOE 133 | . . 75 58 Terrain Rammed . | . . . . Walls Destroyed . | . . . . Machines Disabled . | . . . . Actions | -11 -10 -9 -8 --------- Run | Yrd Mat Mat Mat Total 2544 | 78 482 1030 954 Wait 795 | . 182 384 229 Move 1341 | 59 244 476 562 Hop . | . . . . Pick Up 94 | 9 13 41 31 Fast Attach 12 | 4 3 . 5 Attach 31 | 3 1 10 17 Detach 3 | . . . 3 Swap 47 | 2 7 28 10 Drop 78 | 1 5 48 24 Fire 104 | . 25 42 37 Melee 36 | . . . 36 Ram 3 | . 2 1 . Kick . | . . . . Crush . | . . . . Escape Stasis . | . . . . Rewire . | . . . . Trap . | . . . . Miscellaneous . | . . . . Route ------- -11/Scrapyard -10/Materials -9/Materials -8/Materials (discovered 1 exit: [*Fac]) History --------- Turn | Location | Event 15 | -11/Scrapyard | Discovered new exit (range 15) 81 | -11/Scrapyard | Entered Materials 301 | -10/Materials | Build established: Mutant 598 | -10/Materials | Discovered new exit (range 16) 624 | -10/Materials | Entered another Materials area 624 | -9/Materials | Evolved 2 slots: Power x1, Utility x1 862 | -9/Materials | Repaired Lgt. Nuclear Core? 1133 | -9/Materials | Discovered new exit (range 14) 1927 | -9/Materials | Entered another Materials area 1927 | -8/Materials | Evolved 2 slots: Propulsion x2 2126 | -8/Materials | Lost 6 parts (2p2n2w) 2301 | -8/Materials | Central database locked down 3007 | -8/Materials | Found Powered Armor 3044 | -8/Materials | Discovered new exit (range 16) 3085 | -8/Materials | Core integrity fell below 50% 3153 | -8/Materials | Core integrity fell below 20% 3160 | -8/Materials | Destroyed by G-47 Trooper with Particle Gun Last Messages --------------- 03101_ System corrupted: Matter fused (-7). 03104_ Carbon-fiber Leg destroyed. 03104_ Powered Armor destroyed. 03104_ Knocked back. 03105_ Acquired 2 matter. 03111_ Acquired Hvy. Particle Cannon. 03116_ H-61 Shepherd calls for reinforcements. 03116_ ALERT: Hostile activity reported, dispatching reinforcements to area. 03117_ System corrupted: Matter fused (-8). 03118_ Carbon-fiber Leg destroyed. 03123_ Knocked back. 03138_ Lgt. Deuterium Engine destroyed. 03150_ System corrupted: Component data lost. 03150_ Hvy. Particle Cannon destroyed. 03150_ S-10 Pest destroyed. 03151_ Slug penetrates Wall. 03151_ Lgt. Deuterium Engine destroyed. 03152_ Acquired 13 matter. 03159_ S-10 Pest destroyed. Map ----- +----------------------------------------------------+ | | | | | | | | | | | | | | | ?????????????????????????????????????????????????? | | ?????????????????????????????????????????????????? | | ?????????????????????????????????????????????????? | | ?????????????????????????????????????????????????? | | ?????????????????????????????????????????##??????? | | ????????????????????????????????????????? ??????? | | ?????????????????????????????????????????< ??????? | | ????????????????????????????????????????? ??????? | | ????????????????????????????????????????? ####??? | | ?????????????????????#####??????????""??? ?? | | ????????????????#???##!!!!??????????""??? ??? | | ????????????????? ??#! ??????????" ??? ???? | | ?????????????????? ?# ?????????? ???# #???? | | ??????????????????? # #??????????#/#??# #???? | | ???????????????????? Y #########??# #??# #???? | | ????????????????????? # ####/#### #???? | | ??????????????????????# # % ## != # #???? | | ??????????????????????# # ##=% != #* #???? | | ??????????????????????# =@ ## * == #%= #???? | | ??????????????????????#s%; ##% #! #???? | | ?????????????????????## s;;########%=% #*% #???? | | ?????????????????????# gH##??????#] % # #??## | | ?????????????????????# " g;"##########+### #### | | ?????????????????????# %% = | | ?????????????????????# ######### | | ?????????????????????#; g##???????# | | ?????????????????????## #????????############### | | ??????????????????????# #?????????????????##???## | | ??????????????????????# #???????????????????????# | | ??????????????????????# #???????????????????????# | | ??????????????????????# #???????????############# | | ??????????????????????# ?????????? | | ??????????????????????# k ?????????? | | ?????????????????????? ?????????? | | ?????????????????????? ##???????????############ | | ??????????????????????#+##???????????????????????# | | ?????????????????????????????????????????????????# | | ?????????????????????????????????????############# | | ????????????????????????????????????? | | ??!?????????????????????????????????? | | ????????????????????????????????????? | | ???????????????????????????????????????########### | | ???????????????????????????????????????########### | +----------------------------------------------------+ Best States ------------- Heat Dissipation 31 Energy Generation 23 Energy Capacity 460 Matter Stores 300 Matter Capacity 300 Sight Range 16 Terrain Scan Density 85 Armor Coverage 600 Weapon Shielding 33 Evasion (%) 63 Targeting Accuracy 6 Recoil Reduction 1 Trap Extractor Capacity 4 Item Schematics ----------------- Particle Gun | -8/Materials | Scanalyzed Structural Scanner | -8/Materials | Scanalyzed Lgt. Ion Engine | -8/Materials | Scanalyzed Robot Schematics ------------------ None Fabricated ------------ Nothing Repaired ---------- Lgt. Nuclear Core | 72% | -9/Materials Studied --------- Great Maul | -8/Materials | Hacked Assault Cannon | -8/Materials | Hacked Lgt. Ion Engine | -8/Materials | Hacked Alien Tech Used ----------------- None Achievements -------------- A Problem For Future Me I Have A Map? Item+ Overwhelming Resistances Are Futile Challenges ------------ None Game ------ Seed MolecularAntigravPurifier Manual? 0 Play Time 00:51:23 Cumulative 12.3 hours Start 2025.10.24 @ 15:53:09 End 2025.10.24 @ 16:49:30 Sessions 1 Manual Loads 0 Difficulty Rogue Special Mode None Game No. 39 Rogue 39 Adventurer 0 Explorer 0 Win Type - Total 0 Types 0/0/0/0/0/0/0/0/0/0 Lore% 8 Gallery% 16 Achievement% 13 Wizard Run 0 Options --------- Layout 1 ASCII 0 Keyboard 0 Movement Mouse Keybinds 0 Fullscreen 1 Font 32/SmallcapsGlow Map View 50x35 Zoom Use 0% Tactical HUD 1 Map Filters NONE Filters NONE Steam 1 RUN: 7d7242cc-038b-4adb-abf1-f34ed6793db5